 Dungeon Crawl Stone Soup version 0.20.1-1-g8b1a95d (webtiles) character file.

790 KoningWillie the Covered (level 7, -3/61 HPs)
             Began as a Minotaur Fighter on Oct 17, 2017.
             Killed by nerve-wracking pain
             ... invoked by bartek7090's ghost
              (11 damage)
             ... on level 5 of the Dungeon.
             The game lasted 00:09:53 (4558 turns).

KoningWillie the Covered (Minotaur Fighter)         Turns: 4558, Time: 00:09:54

Health: -3/61      AC:  9    Str: 22    XL:     7   Next: 57%
Magic:  6/6        EV:  9    Int:  5    God:
Gold:   7          SH: 13    Dex: 10    Spells: 6/6 levels left

rFire    . . .     SeeInvis .   a - +1 long sword
rCold    . . .     Gourm    .   c - +0 shield
rNeg     . . .     Faith    .   b - +1 scale mail
rPois    .         Spirit   .   (helmet restricted)
rElec    .         Reflect  +   (no cloak)
rCorr    .         Harm     .   q - +0 pair of gloves
MR       .....                  (no boots)
Stlth    ..........             f - +3 amulet of reflection
Regen    0.2/turn               j - ring of wizardry
MPRegen  0.1/turn               t - +1 ring of slaying

@: no status effects
A: retaliatory headbutt, horns 2
a: no special abilities


You were on level 5 of the Dungeon.
You were not hungry.

You visited 1 branch of the dungeon, and saw 6 of its levels.

You collected 362 gold pieces.
You spent 355 gold pieces at shops.

Inventory:

Hand Weapons
 a - a +1 long sword (weapon)
Armour
 b - a +1 scale mail (worn)
 c - a +0 shield (worn)
 q - a +0 pair of gloves (worn)
Jewellery
 f - a +3 amulet of reflection (around neck)
 j - a ring of wizardry (left hand)
 t - a +1 ring of slaying (right hand)
Wands
 i - a wand of lightning (0/15)
 s - a wand of lightning (7/15)
Scrolls
 m - a scroll of fog
 n - 2 scrolls of remove curse
 o - a scroll of magic mapping
 w - 2 scrolls of identify
Potions
 d - a potion of might
 e - a potion of heal wounds {unknown}
 g - 2 potions of haste
 k - a potion of mutation {unknown}
 l - 2 potions of curing
 p - 2 potions of lignification
 u - a potion of magic {unknown}
 v - a potion of invisibility {unknown}
Comestibles
 r - 2 fruits
 x - a meat ration


   Skills:
 + Level 5.3 Fighting
 + Level 6.0 Long Blades
 + Level 6.0 Armour
 + Level 2.5 Dodging
 + Level 0.5 Stealth
 + Level 5.8 Shields
 + Level 0.3 Evocations


You had 6 spell levels left.
You didn't know any spells.

Dungeon Overview and Level Annotations

Branches:
Dungeon (6/15)
 Temple: D:4-7

Altars:
Ashenzari
Kikubaaqudgha
Nemelex Xobeh

Shops:
D:4 *   D:6 ?=(

Annotations:
D:5 bartek7090's ghost, novice SpAs


Innate Abilities, Weirdness & Mutations

You reflexively headbutt those who attack you in melee.
You have a pair of horns on your head.


Message History

Bartek7090's ghost points at you and mumbles some strange words.
Pain shoots through your body!
* * * LOW HITPOINT WARNING * * *
Okay, then.
You slash bartek7090's ghost!
Bartek7090's ghost is heavily damaged.
Bartek7090's ghost points at you and mumbles some strange words.
Pain shoots through your body!
* * * LOW HITPOINT WARNING * * *
Your shield and scale mail prevent you from hitting bartek7090's ghost.
Bartek7090's ghost is heavily damaged.
You block bartek7090's ghost's attack. x2
You closely miss bartek7090's ghost.
Bartek7090's ghost is heavily damaged.
You block bartek7090's ghost's attack.
You closely miss bartek7090's ghost.
Bartek7090's ghost is heavily damaged.
Bartek7090's ghost gestures at you while chanting.
Pain shoots through your body!
You die...

# ##.########
.#.........# ########
.>.....##.##.# #... ..#
.......##.##.# ###.# #.#
.....#....##.###...####.#
...#.#..#...ZW@.......#.#
.. ..........###.>.##.#.#
. .#......####
###.##.#.##### #W####.###
#...^......# ...
####..####.# #.#.
#....##.# .... ##.#.##.#
.. #......# ####.####


You could see bartek7090's ghost and an adder skeleton.

Vanquished Creatures
  A centaur (D:6)
  2 ogres (D:6)
  A bullfrog (D:4)
  A howler monkey (D:3)
  2 hounds
  A jelly (D:6)
  An orc wizard (D:4)
  2 iguanas (D:6)
  6 adders
  13 gnolls
  3 oozes
  A worm (D:3)
  3 dart slugs
  2 leopard geckos (D:4)
  9 orcs (D:4)
  8 bats
  A giant cockroach (D:3)
  10 goblins
  8 hobgoblins
  A quokka (D:4)
  2 frilled lizards (D:2)
  4 kobolds
  A leopard gecko skeleton (D:4)
  4 rats (D:2)
87 creatures vanquished.

Notes
Turn   | Place    | Note
-------+----------+-------------------------------------------
     0 | D:1      | KoningWillie the Minotaur Fighter began the quest for the Orb.
     0 | D:1      | Reached XP level 1. HP: 19/19 MP: 0/0
   108 | D:1      | Reached XP level 2. HP: 27/27 MP: 1/1
   742 | D:2      | Reached XP level 3. HP: 33/33 MP: 2/2
  1286 | D:2      | Reached XP level 4. HP: 41/41 MP: 3/3
  1369 | D:2      | Found a sparkling altar of Nemelex Xobeh.
  1369 | D:2      | Found a shattered altar of Ashenzari.
  1374 | D:2      | Found a faded altar of an unknown god.
  1376 | D:2      | Found a faded altar of an unknown god.
  1377 | D:2      | Found an ancient bone altar of Kikubaaqudgha.
  1994 | D:3      | Reached XP level 5. HP: 44/47 MP: 4/4
  2049 | D:3      | Reached skill level 5 in Shields
  2245 | D:3      | Found a sparkling altar of Nemelex Xobeh.
  2340 | D:3      | Reached skill level 1 in Dodging
  2961 | D:4      | Reached XP level 6. HP: 46/55 MP: 5/5
  3037 | D:4      | Found Pofuskei's General Store.
  3284 | D:4      | Bought a scroll of fear for 42 gold pieces
  3284 | D:4      | Bought a scroll of identify for 24 gold pieces
  3547 | D:4      | Reached skill level 5 in Armour
  3727 | D:4      | Reached skill level 5 in Fighting
  4071 | D:5      | Entered Level 5 of the Dungeon
  4128 | D:5      | Noticed bartek7090's ghost (novice SpAs)
  4154 | D:6      | Found Xigoene's Weapon Emporium.
  4218 | D:6      | Found Yparhun's Jewellery Emporium.
  4224 | D:6      | Bought a +3 amulet of reflection for 157 gold pieces
  4224 | D:6      | Bought a +1 ring of slaying for 60 gold pieces
  4279 | D:6      | Reached skill level 5 in Long Blades
  4284 | D:6      | Reached XP level 7. HP: 49/61 MP: 6/6
  4362 | D:6      | Found Cifecotim's Magic Scroll Emporium.
  4421 | D:6      | Bought 2 scrolls of identify for 48 gold pieces
  4421 | D:6      | Bought a scroll of identify for 24 gold pieces
  4499 | D:6      | Noticed a manticore
  4558 | D:5      | Killed from afar by bartek7090's ghost

Skill      XL: |  1  2  3  4  5  6  7 |
---------------+----------------------+-----
Fighting       | 4 5 |  5.3
Shields        | 4 5 |  5.8
Armour         | 4 5 6 |  6.0
Long Blades    | 3 4 5 6 |  6.0
Dodging        | 1 2 |  2.5
Stealth        | |  0.5
Evocations     | |  0.3

Action                   |  1- 3 |  4- 6 |  7- 9 || total
-------------------------+-------+-------+-------++-------
Melee: Long sword        |    66 |   165 |    22 ||   253
       Headbutt          |    12 |    32 |     6 ||    50
Evoke: Wand              |       |       |     3 ||     3
  Use: Scroll            |       |    13 |     3 ||    16
  Eat: Bread ration      |     1 |     2 |       ||     3
       Chunk             |       |     1 |       ||     1
Armor: Scale mail        |    21 |    63 |     2 ||    86
Dodge: Dodged            |    22 |    67 |    10 ||    99
Block: Shield            |    42 |    94 |    14 ||   150
       Reflection        |       |       |     2 ||     2
       Rpst.: Long sword |     8 |    19 |     4 ||    31
